 Dungeon Crawl Stone Soup version 0.32-a0-868-g153ae1a8d6 (webtiles) character file.

Game seed: 16157129708787920805

2974 Spyfire242 the Bludgeoner (level 9, -4/70 HPs)
             Began as a Mountain Dwarf Cinder Acolyte on Mar 28, 2024.
             Was an Initiate of the Shining One.
             Slain by a fire elemental (6 damage)
             ... created by the fiery vengeance of Ignis
             ... on level 6 of the Dungeon.
             The game lasted 00:19:04 (8139 turns).

Spyfire242 the Bludgeoner (MDCA)                    Turns: 8139, Time: 00:19:05

Health: -4/70      AC:  9    Str: 21    XL:     9   Next: 53%
Magic:  0/10       EV: 10    Int: 18    God:    the Shining One [......]
Gold:   564        SH:  2    Dex:  5    Spells: 10/10 levels left

rFire   . . .        g - +2 mace (holy)
rCold   . . .        p - +0 buckler
rNeg    . . .        G - +0 steam dragon scales
rPois   .            l - +1 helmet {Int+3}
rElec   .            j - +0 cloak
rCorr   .            i - +0 pair of gloves
SInv    .            (no boots)
Will    .....        h - amulet of guardian spirit
Stlth   +            (no ring)
HPRegen 0.31/turn    (no ring)
MPRegen 0.12/turn

%: guardian spirit
@: glowing, fire susceptible
A: runic magic, artefact enchanting
a: Renounce Religion


You were on level 6 of the Dungeon.
You worshipped the Shining One.
The Shining One was noncommittal.
You visited 2 branches of the dungeon, and saw 7 of its levels.

You collected 564 gold pieces.

Inventory:

Hand Weapons
 g - a +2 mace of holy wrath (weapon)
Missiles
 E - a throwing net (quivered)
Armour
 i - a +0 pair of gloves (worn)
 j - a +0 cloak (worn)
 l - a +1 helmet of intelligence (worn)
 p - a +0 buckler (worn)
 G - +0 steam dragon scales (worn)
Jewellery
 h - an amulet of guardian spirit (around neck)
 v - a ring of magical power
Wands
 w - a wand of acid (9)
 x - a wand of mindburst (11)
 y - a wand of flame (20)
Scrolls
 b - a scroll of brand weapon {unknown}
 c - 3 scrolls of torment
 k - 2 scrolls of fog
 n - 2 scrolls of teleportation
 q - 2 scrolls of enchant weapon
 s - 2 scrolls of enchant armour {unknown}
 t - a scroll of immolation {unknown}
 A - 2 scrolls of blinking {unknown}
 B - a scroll of poison {unknown}
 C - a scroll of fear
 F - 2 scrolls of amnesia {unknown}
 H - a scroll of noise {unknown}
Potions
 a - a potion of lignification {unknown}
 d - a potion of attraction
 f - 2 potions of curing
 m - 2 potions of haste {unknown}
 o - a potion of cancellation {unknown}
 r - 2 potions of degeneration {unknown}
 u - 2 potions of mutation {unknown}
 z - a potion of brilliance {unknown}
 D - a potion of enlightenment {unknown}


   Skills:
 - Level 3.2 Fighting
 * Level 15.7 Maces & Flails
 + Level 1.3 Armour
 - Level 0.1 Dodging
 - Level 1.0 Spellcasting
 - Level 3.6 Fire Magic


You had 10 spell levels left.
You didn't know any spells.
Your spell library contained the following spells:

 Spells                   Type           Power      Damage    Failure   Level
 Scorch                   Fire           26%        2d6       9%          2
 Kiss of Death            Conj/Necr      0%         2d5       26%         1
 Confusing Touch          Hex            0%         N/A       58%         3
 Tukima's Dance           Hex            0%         N/A       58%         3
 Dispel Undead            Necr           0%         3d6       94%         4
 Passage of Golubria      Tloc           0%         N/A       94%         4
 Yara's Violent Unravell  Hex/Alch       0%         3d3       100%        5


Dungeon Overview and Level Annotations

Branches:
Dungeon (6/15)             Temple (1/1) D:6

Altars:
Ashenzari
Cheibriados
Dithmenos
Elyvilon
Fedhas
Gozag
Hepliaklqana
Kikubaaqudgha
Makhleb
Nemelex Xobeh
Okawaru
Qazlal
Ru
Sif Muna
Trog
Uskayaw
Vehumet
Wu Jian
Xom
Yredelemnul
Zin
The Shining One

Shops:
D:6 :

Annotations:
D:5 2 transporters


Innate Abilities, Weirdness & Mutations

Your spellcasting is much less encumbered by armour.
You can use scrolls of enchantment on lesser artefacts.


Message History

That felt strangely unrewarding.
The fire elemental closely misses you.
You sock the fire elemental!
The fire elemental is moderately damaged.
You block the fire elemental's attack.
You hit the fire elemental but do no damage.
The fire elemental is moderately damaged.
The fire elemental hits you. The fire elemental burns you!
* * * LOW HITPOINT WARNING * * *
You feel much better. The fire elemental hits you.
The fire elemental burns you!
The fire elemental completely misses you.
You thump the fire elemental!
The fire elemental is severely damaged.
The fire elemental hits you. The fire elemental burns you!
* * * LOW HITPOINT WARNING * * *
You miss the fire elemental.
The fire elemental is severely damaged.
You closely miss the fire elemental.
The fire elemental is severely damaged.
The fire elemental closely misses you.
You hit the fire elemental.
The fire elemental is severely damaged.
The fire elemental hits you. The fire elemental burns you!
* * * LOW HITPOINT WARNING * * *
You closely miss the fire elemental.
The fire elemental is severely damaged.
The fire elemental barely misses you.
You closely miss the fire elemental.
The fire elemental is severely damaged.
The fire elemental hits you. The fire elemental burns you!
* * * LOW HITPOINT WARNING * * *
Okay, then.
Okay, then.
Okay, then.
You feel better. The fire elemental hits you. The fire elemental burns you!
* * * LOW HITPOINT WARNING * * *
The fire elemental hits you.
* * * LOW HITPOINT WARNING * * *
The fire elemental burns you!
You die...

.#####........#....##
.......⌠...⌠....#..#
.........∩........###############
.......⌠...⌠......#○○............
..................#..○.....○..○..
#...÷..........#..#...........○..
###...............#..............
#...#.............#..............
.....##..#.....E@.#..............
###...#..###....#.ß..............
###...#...###...#................
#....##...# ######ß..............
...#......# ##..............
..##.#...## #..............
..######## #.......○...... ..#
#....○°○.○..... ###
#.........○..○.


You could see a fire elemental.

Vanquished Creatures
  A fire elemental (D:6)
  Eustachio (D:4)
  2 steam dragons
  Edmund (D:4)
  2 ice beasts
  A black bear (D:6)
  An ogre (D:6)
  A centaur (D:6)
  A kobold brigand (D:6)
  3 gnoll sergeants (D:6)
  2 jellies
  4 scorpions
  6 killer bees (D:6)
  A howler monkey (D:4)
  9 hounds
  2 bombardier beetles
  3 gnoll boudas (D:6)
  2 orc priests (D:5)
  6 iguanas
  6 orc wizards
  Robin (D:2)
  9 adders
  10 gnolls (D:6)
  A shadow imp (D:6)
  A white imp (D:5)
  4 ufetubi
  A dart slug (D:4)
  2 ribbon worms
  23 orcs
  6 ball pythons
  11 endoplasms
  8 giant cockroaches
  14 goblins
  12 hobgoblins
  4 jackals (D:1)
  19 kobolds
  3 quokkas
  10 bats
  3 frilled lizards
  6 rats
203 creatures vanquished.

Vanquished Creatures (collateral kills)
  A foxfire (D:2)
1 creature vanquished.

Vanquished Creatures (others)
  104 foxfires
104 creatures vanquished.

Grand Total: 308 creatures vanquished

Notes
Turn   | Place    | Note
-------+----------+-------------------------------------------
     0 | D:1      | Spyfire242 the Mountain Dwarf Cinder Acolyte began the
                  | quest for the Orb.
     0 | D:1      | Reached XP level 1. HP: 19/19 MP: 2/2
    56 | D:1      | Reached skill level 4 in Maces & Flails
   156 | D:1      | Reached XP level 2. HP: 23/26 MP: 3/3
   538 | D:1      | Reached skill level 5 in Maces & Flails
   556 | D:1      | Reached XP level 3. HP: 20/31 MP: 4/4
  1119 | D:2      | Noticed Robin
  1133 | D:2      | Killed Robin
  1134 | D:2      | Reached XP level 4. HP: 14/38 MP: 5/5
  1346 | D:2      | Reached skill level 6 in Maces & Flails
  1745 | D:3      | Reached XP level 5. HP: 34/45 MP: 6/6
  1817 | D:3      | Reached skill level 7 in Maces & Flails
  1993 | D:3      | Found an iron altar of Okawaru.
  2351 | D:3      | Reached skill level 8 in Maces & Flails
  2351 | D:3      | Reached XP level 6. HP: 43/51 MP: 7/7
  2742 | D:3      | Found a faded altar of an unknown god.
  2742 | D:3      | Noticed an orange demon
  3167 | D:4      | Noticed Edmund
  3198 | D:4      | HP: 2/51 [Edmund/+1 heavy flail (3)]
  3199 | D:4      | Killed Edmund
  3200 | D:4      | Reached skill level 9 in Maces & Flails
  3200 | D:4      | Reached skill level 1 in Armour
  3200 | D:4      | Reached XP level 7. HP: 3/57 MP: 1/8
  3392 | D:4      | Noticed Eustachio
  3396 | D:4      | Killed Eustachio
  3397 | D:4      | Reached skill level 10 in Maces & Flails
  3956 | D:4      | You fall into a shaft and drop 1 floor!
  3956 | D:5      | Entered Level 5 of the Dungeon
  4227 | D:5      | Reached skill level 11 in Maces & Flails
  4273 | D:5      | Found a transporter.
  4309 | D:5      | Noticed a steam dragon
  4328 | D:5      | Reached XP level 8. HP: 50/63 MP: 9/9
  4543 | D:5      | Reached skill level 12 in Maces & Flails
  4893 | D:5      | Found a transporter.
  5297 | D:5      | Reached skill level 13 in Maces & Flails
  5632 | D:6      | Found Gaiw's Vocational Training.
  5658 | D:6      | Found a staircase to the Ecumenical Temple.
  5667 | Temple   | Entered the Ecumenical Temple
  6227 | D:6      | Reached skill level 14 in Maces & Flails
  6287 | D:6      | Reached XP level 9. HP: 57/70 MP: 7/10
  7226 | D:6      | Reached skill level 15 in Maces & Flails
  7583 | Temple   | Fell from the grace of Ignis
  7583 | Temple   | Became a worshipper of the Shining One
  8138 | D:6      | HP: 2/70 [fire elemental[the fiery vengeance of Ignis] (8)]
  8139 | D:6      | Slain by a fire elemental

Illustrated notes

Levels and vault maps discovered:
D:1:      lemuel_arrival_cross, layout_basic, minmay_misc_feat_more_columns,
          minmay_3d_cube
D:2:      layout_rooms, uniq_robin
D:3:      layout_basic, okawaru_gym_becter,
          dreamdust_ecumenical_altar_sealed_demon, minmay_misc_feat_ornament,
          minmay_ruptured
D:4:      layout_gridville, uniq_eustachio, uniq_crazy_yiuf_cottage, uniq_edmund
D:5:      gammafunk_steamed_eel, layout_gridville, minmay_bent
D:6:      kennysheep_housing_project, layout_cave_pools,
          lemuel_temple_firewalk_b, nicolae_shop_vocational
Temple:   compressed_dpeg_circular_temple

Skill      XL: |  1  2  3  4  5  6  7  8  9 |
---------------+----------------------------+-----
Maces & Flails | 4 5 6 8 9 11 14 15 | 15.7
Armour         | 1 |  1.3
Fighting       | |  3.2
Dodging        | |  0.1
Spellcasting   | |  1.0
Fire Magic     | |  3.6

Action                     |  1- 3 |  4- 6 |  7- 9 || total
---------------------------+-------+-------+-------++-------
  Melee: Mace              |   116 |   225 |   499 ||   840
 Invoke: Foxfire Swarm     |     2 |       |     5 ||     7
         Fiery Armour      |       |     1 |     1 ||     2
         Rising Flame      |       |       |     1 ||     1
    Use: Scroll            |       |     3 |     5 ||     8
         Potion            |       |       |     5 ||     5
 Armour: Robe              |   105 |       |       ||   105
         Ring mail         |    11 |     3 |       ||    14
         Animal skin       |       |   155 |   239 ||   394
         Steam dragon scal |       |       |   129 ||   129
  Dodge: Dodged            |    64 |   103 |   244 ||   411
  Block: Buckler           |       |    20 |    45 ||    65

Table legend: (Time is in decaauts)
 A = Elapsed time spent in this place.
 B = Non-inter-level travel time spent in this place.
 C = Inter-level travel time spent in this place.
 D = Time resting spent in this place.
 E = Time spent auto-exploring this place.
 F = Levels seen in this place.
 G = Mean time per level.
                   A        B        C        D        E       F      G
               +--------+--------+--------+--------+--------+-----+--------+
         Total |   8071 |   7826 |    245 |   1820 |   4245 |   7 | 1153.0 |
       Dungeon |   7994 |   7782 |    212 |   1820 |   4245 |   6 | 1332.3 |
        Temple |     77 |     44 |     33 |      0 |      0 |   1 |   77.0 |
               +--------+--------+--------+--------+--------+-----+--------+

Top non-repeatable levels by time:
     D:6: 2172 daAuts
     D:5: 1610 daAuts
     D:4: 1211 daAuts
     D:1: 1131 daAuts
     D:3: 1028 daAuts
     D:2: 840 daAuts
  Temple: 77 daAuts
